 Seeded DCSS version 0.30.1-11-g7821555f0a (webtiles) character file.

Game seed: 5129858224507802926 (custom seed)

46 Psyclone the Conjurer (level 3, 20/20 HPs)
             Began as a Deep Elf Conjurer on Nov 8, 2023.
             Quit the game on level 3 of the Dungeon.
             The game lasted 00:00:34 (267 turns).

Psyclone the Conjurer (Deep Elf Conjurer)            Turns: 267, Time: 00:00:35

Health: 20/20      AC:  3    Str:  4    XL:     3   Next: 44%
Magic:  0/10       EV: 12    Int: 24    God:
Gold:   30         SH:  0    Dex: 13    Spells: 6/9 levels left

rFire   . . .        (no weapon)
rCold   . . .        (no shield)
rNeg    . . .        a - +0 robe
rPois   .            (no helmet)
rElec   .            (no cloak)
rCorr   .            (no gloves)
SInv    .            (no boots)
Will    .....        (no amulet)
Stlth   +++          (no ring)
HPRegen 0.23/turn    (no ring)
MPRegen 0.12/turn

%: no passive effects
@: no status effects
A: camouflage 1, robust 1, shaggy fur 1, sturdy frame 1
a: no special abilities


You were on level 3 of the Dungeon.
You visited 1 branch of the dungeon, and saw 3 of its levels.

You collected 30 gold pieces.

Inventory:

Armour
 a - a +0 robe (worn)
Scrolls
 d - a scroll of amnesia {unknown}
 e - a scroll of vulnerability {unknown}
Potions
 b - a potion of magic
 c - a potion of mutation


   Skills:
 - Level 2.4 Dodging
 - Level 2.4 Stealth
 + Level 3.9 Spellcasting
 * Level 5.4 Conjurations


You had 6 spell levels left.
You knew the following spells:

 Your Spells              Type           Power      Damage    Failure   Level
a - Magic Dart            Conj           100%       1d8       1%          1
b - Searing Ray           Conj           60%        2d6       1%          2

Your spell library contained the following spells:

 Spells                   Type           Power      Damage    Failure   Level
 Dazzling Flash           Conj/Hex       34%        N/A       10%         3
 Fulminant Prism          Conj/Hex       8%         3d6       32%         4
 Iskenderun's Mystic Bla  Conj/Tloc      17%        2d5       32%         4


Dungeon Overview and Level Annotations

Branches:
Dungeon (3/15) Zot: 17733

Altars:

Shops:
D:2 =


Innate Abilities, Weirdness & Mutations

Your skin changes colour to match your surroundings (Stealth+).
You are robust. (+10% HP)
You are covered in fur. (AC +1)
Your movements are slightly less encumbered by armour. (ER -2)


Message History

The orc priest shouts!
The orc shouts!
Your Conjurations skill increases to level 5!
You now have 5/8 mp.
Casting: Magic Dart (safe; 1% risk of failure)
Confirm with . or Enter, or press ? or * to list all spells.
Aiming: Magic Dart (safe; 1% risk of failure)
Press: ? - help, Shift-Dir - straight line, f - orc wizard
Aim: an orc wizard, wielding a +0 dagger and wearing a +0 robe (100% to hit)
The magic dart hits the orc wizard.
The orc wizard is lightly wounded.
You now have 4/8 mp.
Casting: Magic Dart (safe; 1% risk of failure)
Confirm with . or Enter, or press ? or * to list all spells.
Aiming: Searing Ray (safe; 2% risk of failure)
Press: ? - help, Shift-Dir - straight line, f/p - orc wizard
Aim: an orc wizard, wielding a +0 dagger and wearing a +0 robe (lightly wounded, 74% to hit)
The searing ray hits the orc wizard!
The orc wizard is almost dead.
The searing ray hits the orc but does no damage. (Press . to maintain the ray.)
You now have 2/8 mp.
The searing ray misses the orc wizard.
The searing ray hits the orc!
You kill the orc!
The searing ray hits the orc priest.
The orc priest is moderately wounded.
The orc wizard misses you.
You now have 1/8 mp.
The searing ray hits the orc wizard!
You kill the orc wizard!
The searing ray hits the orc priest.
The orc priest is severely wounded.
You have reached level 3!
Your experience leads to an increase in your attributes!
Increase (S)trength, (I)ntelligence, or (D)exterity?
You feel clever. x2
Health restored: 20 You now have 0/10 mp.
Unknown command.
Unknown command.
Are you sure you want to abandon this character and quit the game? (Confirm with "yes".)

#.# #.# #
#.########
#.#...##...##
...<..#.###.##
..####.##
##.##### . #.#
#.<...# ..#
#.###.# ###.
#.## #@# # ..#
#)# ### #o#
#.# #)# #.#
... ..#


You could see an orc priest.

Vanquished Creatures
  An orc wizard (D:3)
  A dart slug (D:2)
  2 orcs (D:3)
  2 bats (D:2)
  3 endoplasms
  A goblin (D:2)
  2 hobgoblins (D:2)
  A quokka (D:2)
  2 ball pythons (D:2)
  A rat (D:1)
16 creatures vanquished.

Notes
Turn   | Place    | Note
-------+----------+-------------------------------------------
     0 | D:1      | Psyclone the Deep Elf Conjurer began the quest for the Orb.
     0 | D:1      | Reached XP level 1. HP: 10/10 MP: 6/6
    80 | D:2      | Found Zutuxkoi's Jewellery Shop.
    83 | D:2      | Reached XP level 2. HP: 15/15 MP: 4/8
   100 | D:2      | Learned a level 2 spell: Searing Ray
   101 | D:2      | Gained mutation: Your skin changes colour to match your
                  | surroundings (Stealth+). [potion of mutation]
   101 | D:2      | Gained mutation: Your movements are slightly less
                  | encumbered by armour. (ER -2) [potion of mutation]
   101 | D:2      | Gained mutation: You are covered in fur. (AC +1) [potion of
                  | mutation]
   101 | D:2      | Gained mutation: You are robust. (+10% HP) [potion of
                  | mutation]
   262 | D:3      | Reached skill level 5 in Conjurations
   267 | D:3      | Reached XP level 3. HP: 20/20 MP: 0/10
   267 | D:3      | Quit the game

Illustrated notes

Levels and vault maps discovered:
D:1:      saegor_arrival_simple_c, layout_rooms, serial_shops, shop,
          kennysheep_nondescript, minmay_misc_feat_ornament
D:2:      layout_basic, serial_shops, nicolae_shop_tiny_statue_garden,
          nicolae_shop_scrapyard, shop, shop
D:3:      layout_loops_ring

Skill      XL: |  1  2 |
---------------+-------+-----
Conjurations   | 5 |  5.4
Dodging        | |  2.4
Stealth        | |  2.4
Spellcasting   | |  3.9

Action                     || total
---------------------------++-------
   Cast: Magic Dart        ||    23
         Searing Ray       ||     1
    Use: Potion            ||     1
 Armour: Robe              ||     1
  Dodge: Dodged            ||     2
